Map: Pillars of Gold LE

Players

Lanthus

  • Race: Terran Terran
  • League: Diamond
  • Spawn Location: 7:00

LibertadoR - Winner!

  • Race: Protoss Protoss
  • Spawn Location: 1:00

VOD

Have the link to the VOD?

Description

Time

  • Played on: Jan. 14, 2021, 1:21 p.m.
  • Length: 5:48
Show
View Real Time Build Order
Export as new Build Order

Lanthus Terran 

Build Orders: Reaper Expand 

Get SALT Encoding   

  12  0:00  SCV  
  13  0:12  SCV  
  14  0:18  Supply Depot  
  14  0:25  SCV  
  15  0:40  SCV  
  15  0:41  Barracks  
  16  0:46  Refinery  
  16  0:52  SCV  
  18  1:04  SCV  
  18  1:16  SCV  
  19  1:28  Reaper  
  19  1:29  Orbital Command  
  20  1:45  Command Center  
  20  1:55  Supply Depot  
  20  1:57  SCV  
  20  2:00  Marine  
  22  2:09  SCV  
  22  2:15  Factory  
  23  2:21  SCV  
  24  2:24  Bunker  
  24  2:26  Barracks Reactor  
  24  2:33  SCV  
  25  2:44  Barracks  
  25  2:45  SCV  
  26  2:53  Refinery  
  26  2:57  SCV  
  27  3:03  Factory Tech Lab  
  27  3:04  Bunker, Marine x2  
  29  3:11  Starport  
  29  3:14  SCV  
  30  3:23  SCV  
  30  3:26  SCV  
  32  3:38  Orbital Command  
  32  3:41  Barracks Tech Lab  
  32  3:43  Marine x2  
  32  3:47  Cyclone  
  31  4:13  Marine x2  
  33  4:18  Supply Depot  
  33  4:20  Supply Depot  
  33  4:30  Orbital Command  
  33  4:31  Marine, Marauder  
  25  4:53  SCV  
  26  5:14  Cyclone  
Show
View Real Time Build Order
Export as new Build Order

LibertadoR Protoss - Winner!

Build Orders:  

Get SALT Encoding   

  12  0:00  Probe  
  13  0:12  Probe  
  14  0:19  Pylon  
  14  0:25  Probe  
  15  0:37  Probe  
  15  0:41  Gateway  
  16  0:49  Probe  
  17  0:50  Assimilator  
  17  1:01  Probe (Chrono Boost)  
  18  1:06  Assimilator  
  18  1:13  Probe (Chrono Boost)  
  19  1:25  Pylon, Probe  
  20  1:33  Cybernetics Core  
  20  1:37  Probe  
  21  1:51  Probe  
  22  2:10  Robotics Facility  
  22  2:12  Robotics Facility  
  22  2:19  Zealot  
  24  2:29  Pylon  
  24  2:34  Pylon  
  29  2:59  Immortal (Chrono Boost)  
  31  3:06  Immortal (Chrono Boost)  
  31  3:24  Zealot  
  33  3:29  Warp Prism  
  39  4:15  Immortal (Chrono Boost)  
  39  4:16  Immortal (Chrono Boost)  
  43  5:21  Pylon  
  43  5:23  Pylon  
Tags
 
Add a new tag
Caveats
  • Supply blocks, unpowered buildings, or Contaminate may cause inaccurate times.
  • Supply counts are checked every 10 seconds.